 Dungeon Crawl Stone Soup version 0.17.0-18-gaab0e96 (webtiles) character file.

438216 HungrySpirit the Maledictor (level 22, -1/149 HPs)
             Began as a Vampire Chaos Knight on Nov 11, 2015.
             Slain by an Orb Guardian (32 damage)
             ... on level 5 of the Realm of Zot.
             The game lasted 04:21:53 (66197 turns).

HungrySpirit the Maledictor (Vampire Chaos Knight) Turns: 66197, Time: 04:21:53

Health: -1/149     AC: 18    Str: 13    XL:     22   Next: 65%
Magic:  45/46      EV: 48    Int: 19    God:    Xom [..*...]
Gold:   4974       SH: 20    Dex: 38    Spells: 9 memorised, 5 levels left

rFire  + + +     SeeInvis +     j - +7 rapier (protect)
rCold  + . .     Clarity  +     x - +1 robe of Pessimism {rElec rCorr Dex+3 Stlth+}
rNeg   . . .     SustAt   +     d - +5 shield {reflect}
rPois  .         Gourm    .     (helmet restricted)
rElec  +         Spirit   .     Q - +2 cloak {+Inv}
rCorr  +         Warding  .     N - +2 pair of gloves {Dex+3}
rMut   +         Stasis   .     s - +2 pair of boots of the Assassin {DetectMon Stab+ Stlth++}
MR     ++...                    H - amulet of resist mutation
Stlth  +++++.....               M - ring "Zusumaerghy" {rElec MP+9 EV+5 Slay+3}
                                I - ring of Dixopsiv {SustAt rElec rF+++ Slay+3 Stlth-}

@: agile, about to teleport, silence, very slightly contaminated, regenerating
quickly, hasted (expiring), repel missiles, very quick, very resistant to
hostile enchantments, quite stealthy
A: antennae 1, claws 1, fangs 3, repulsion field 1, rugged brown scales 1, thin
skeletal structure 1, see invisible, agile 2, clarity, clever 1, cold resistance
1, deformed body, deterioration 1, frail 1, shaggy fur 1, spit poison 1, strong
1, wild magic 1, unbreathing, MP-powered wands
a: Spit Poison, Renounce Religion, Evoke Invisibility
0: Orb of Zot
}: 3/15 runes: serpentine, barnacled, silver


You were on level 5 of the Realm of Zot.
You worshipped Xom.
You were a toy of Xom.
You were very full.

You visited 9 branches of the dungeon, and saw 53 of its levels.
You visited the Abyss 1 time.
You also visited: Ice Cave and Wizlab.

You collected 6716 gold pieces.
You spent 1742 gold pieces at shops.

Inventory:

Hand Weapons
 c - a +1 rapier of chaos
 j - a +7 rapier of protection (weapon)
 P - a +0 dagger of distortion
 U - the +5 dagger of Uzesiac {pierce, rN++ Int+3}
   (You bought it in a shop on level 4 of the Snake Pit)

   It inflicts extra damage upon your enemies.
   It affects your intelligence (+3).
   It greatly protects you from negative energy.
Armour
 d - a +5 shield of reflection (worn)
 s - the +2 pair of boots of the Assassin (worn) {DetectMon Stab+ Stlth++}
   (You acquired it on level 3 of the Elven Halls)

   It makes you much more stealthy.
 x - the +1 robe of Pessimism (worn) {rElec rCorr Dex+3 Stlth+}
   (You found it on level 7 of the Lair of Beasts)

   It affects your dexterity (+3).
   It insulates you from electricity.
   It protects you from acid and corrosion.
   It makes you more stealthy.
 N - a +2 pair of gloves of dexterity (worn)
 Q - a +2 cloak of invisibility (worn)
Rods
 g - a +5 rod of the swarm (9/9)
   (Xom gifted it to you on level 4 of the Shoals)
 t - a +5 rod of the swarm (11/11)
   (Xom gifted it to you on level 2 of the Dungeon)
Jewellery
 k - an uncursed amulet of clarity
 w - the ring "Goax" {Ice *Contam rN+ MR+ SInv}
   (You took it off a deep elf high priest on level 3 of the Elven Halls)

   [ring of ice]

   It enhances your ice magic, and weakens your fire magic.
   It makes you vulnerable to fire.
   It protects you from cold.
   It protects you from negative energy.
   It affects your resistance to hostile enchantments.
   It lets you see invisible.
   It causes magical contamination when unequipped.
 y - an uncursed ring of protection from cold
 E - an uncursed ring of protection from fire
 H - an amulet of resist mutation (around neck)
 I - the ring of Dixopsiv (left hand) {SustAt rElec rF+++ Slay+3 Stlth-}
   (You found it on level 1 of the Shoals)

   [ring of sustain attributes]

   It sustains your strength, intelligence and dexterity.
   It affects your accuracy and damage with ranged weapons and melee attacks
   (+3).
   It renders you almost immune to fire.
   It insulates you from electricity.
   It makes you less stealthy.
 L - an uncursed ring of protection from magic
 M - the ring "Zusumaerghy" (right hand) {rElec MP+9 EV+5 Slay+3}
   (You found it on level 13 of the Dungeon)

   [ring of evasion]

   It affects your evasion (+5).
   It affects your accuracy and damage with ranged weapons and melee attacks
   (+3).
   It insulates you from electricity.
   It affects your magic capacity (+9).
 T - an uncursed ring of poison resistance
 X - an uncursed ring of wizardry
Wands
 h - a wand of invisibility (5)
 v - a wand of hasting (8)
 K - a wand of digging (2)
 W - a wand of teleportation (4)
 Z - a wand of heal wounds (0)
Scrolls
 b - 3 scrolls of blinking
 f - 3 scrolls of amnesia
 i - a scroll of recharging
 n - 21 scrolls of remove curse
 p - 8 scrolls of fog
 r - 2 scrolls of identify
 C - 11 scrolls of enchant armour
 V - 3 scrolls of fear
Potions
 a - 2 potions of cure mutation
 l - 2 potions of agility
 m - 2 potions of flight
 o - a potion of might
 z - 3 potions of brilliance
 B - a potion of magic
 F - 5 potions of invisibility
 G - a potion of haste
 O - a potion of resistance
 R - 5 potions of curing
Books
 u - a book of Spatial Translocations

   Spells                             Type                      Level
   a - Apportation                    Translocation                1
   b - Blink                          Translocation                2
   c - Shroud of Golubria             Charms/Translocation         2
   d - Portal Projectile              Translocation                3
   e - Teleport Other                 Translocation                3
   f - Passage of Golubria            Translocation                4
 A - a Necronomicon

   Spells                             Type                      Level
   a - Haunt                          Necromancy/Summoning         7
   b - Borgnjor's Revivification      Necromancy                   8
   c - Death's Door                   Charms/Necromancy            8
   d - Necromutation                  Transmutation/Necromancy     8
 D - Xom's Compendium of Power
   (Xom gifted it to you on level 1 of the Lair of Beasts)

   Spells                             Type                      Level
   a - Stone Arrow                    Conjuration/Earth            3
   b - Petrify                        Transmutation/Earth          4
   c - Summon Mana Viper              Hexes/Summoning              5
   d - Discord                        Hexes                        8
 Y - a book of Enchantments

   Spells                             Type                      Level
   a - Cause Fear                     Hexes                        4
   b - Silence                        Hexes/Air                    5
   c - Deflect Missiles               Charms/Air                   6
   d - Haste                          Charms                       6
   e - Discord                        Hexes                        8
Miscellaneous
 q - a box of beasts


   Skills:
 - Level 10.6 Fighting
 - Level 17.5(17.8) Short Blades
   Level 5.1(12.0) Long Blades
 - Level 0.7 Armour
 + Level 18.1 Dodging
 - Level 20.0 Stealth
 * Level 14.5 Shields
 + Level 11.0 Spellcasting
 * Level 24.1 Hexes
 - Level 8.0 Charms
 - Level 5.1 Air Magic
 - Level 8.2 Evocations


You had 5 spell levels left.
You knew the following spells:

 Your Spells              Type           Power        Failure   Level  Hunger
a - Silence               Hex/Air        #######...   2%          5    ####...
b - Repel Missiles        Chrm/Air       ######       3%          2    None
c - Confuse               Hex            ########     1%          3    None
d - Invisibility          Hex            ########     1%          6    ######.
e - Discord               Hex            ########..   9%          8    #######
f - Regeneration          Chrm/Necr      #####.....   11%         3    None
g - Ozocubu's Armour      Chrm/Ice       #####...     11%         3    None
h - Blink                 Tloc           N/A          22%         2    None
i - Haste                 Chrm           ######..     58%         6    ######.


Dungeon Overview and Level Annotations

Branches:
Dungeon (15/15)            Temple (0/1) D:6            Lair (8/8) D:10
 Shoals (4/4) Lair:5        Snake (4/4) Lair:4        Slime (0/6) Lair:8
    Orc (4/4) D:11            Elf (3/3) Orc:3        Vaults (5/5) D:14
  Crypt (0/3) Vaults:2     Depths (5/5) D:15            Zot (5/5) Depths:5

Altars:
Ashenzari
Cheibriados
Gozag
Makhleb
Nemelex Xobeh
Qazlal
Trog
Xom
Yredelemnul
The Shining One
Beogh

Shops:
D:4 :   D:12 *   D:13 ?   Orc:4 %%*(   Elf:1 [   Elf:3 =   Shoals:1 *
Shoals:3 [   Snake:4 (   Vaults:4 *

Portals:
Hell: Depths:5
Pandemonium: Depths:1

Annotations:
D:13 exclusion: 2 statues
Shoals:2 puimuR's ghost, journeyman DsBe
Elf:2 3 runed doors
Vaults:3 exclusion: orange crystal statue
Depths:2 exclusion: upstairs
Zot:2 exclusion: upstairs
Zot:3 exclusion: upstairs
Zot:5 exclusion: upstairs


Innate Abilities, Weirdness & Mutations

Your natural rate of healing is unusually fast.
You have razor-sharp teeth.
You have supernaturally acute eyesight.
You can survive without breathing.
You have a pair of small antennae on your head.
You have sharp fingernails.
You are surrounded by a mild repulsion field (EV +2).
You are partially covered in rugged brown scales (AC +1, +3% HP).
You have a somewhat thin skeletal structure (Dex +2, Stealth).
You are very agile. (Dex +4)
You possess an exceptional clarity of mind.
Your mind is acute. (Int +2)
Your flesh is cold resistant.
Armour fits poorly on your strangely shaped body.
Your body sometimes deteriorates upon taking damage.
You are frail (-10% HP).
You are covered in fur (AC +1).
You can spit weak poison.
Your muscles are strong. (Str +2)
Your spells are a little harder to cast, but a little more powerful.
You expend magic power (3 MP) to strengthen your wands.


Message History

You block the orange demon's attack.
The tormentor calls on the powers of darkness!
The storm dragon convulses! x2
The Orb Guardian convulses!
The moth of wrath convulses!
The moth of wrath convulses!
The storm dragon convulses!
The Orb Guardian convulses! x3
Your body is wracked with pain!
* * * LOW HITPOINT WARNING * * *
The moth of wrath goads the Orb Guardian on!
The Orb Guardian goes berserk!
The moth of wrath goads the Orb Guardian on!
The Orb Guardian goes berserk!
Drink which item? (? for menu, Esc to quit)
You feel better. You block the Orb Guardian's attack.
You block the Orb Guardian's attack.
Unknown command.
The ancient lich points at you and mumbles some strange words.
You feel haunted. The Orb Guardian hits you!!
You die...
Xom cackles wildly!

▓▓......?2..........
▓▓...4.LL8.........
▓▓y.D.W.....1...2.
▓▓.yX2.2D..........
▓▓...LD.............
▓..WW.4..1..........
▓...*W2.............
▓▓XXX..............)
▓▓@.W..............
▓▓▓▓.......... .▓
▓▓▓▓▓▓▓▓▓▓


You could see an orb of fire, an electric golem, 3 ancient liches, 3 storm
dragons, a Brimstone Fiend, 4 Orb Guardians, a lorocyproca (invisible), a green
death, a shadow demon, a shadow wraith (invisible), an orange demon, 2 moths of
wrath, a phantasmal warrior, a freezing wraith, a blue devil and 2 wraiths.

Vanquished Creatures
  A juggernaut (Depths:2)
  An ancient lich (Zot:5)
  A Killer Klown (Zot:4)
  4 golden dragons
  A lich (Vaults:4)
  7 tentacled monstrosities
  A titan (Vaults:5)
  Asterion (Snake:1)
  A deep elf master archer (Elf:3)
  2 deep elf blademasters (Elf:3)
  A quicksilver dragon (Vaults:5)
  A sphinx (Vaults:5)
  An ancient champion (Vaults:2)
  Gastronok (D:8)
  Kirke (Lair:6)
  The ghost of Sagrath01 the Basher, an adept DsCK of Okawaru (Shoals:2)
  A draconian monk (Zot:5)
  2 storm dragons
  2 shadow dragons (Depths:2)
  A tengu reaver (Vaults:5)
  The ghost of Anothat the Severer, an adept FoFi of Makhleb (D:14)
  7 fire giants
  5 deep elf sorcerers
  An iron dragon (Depths:5)
  3 frost giants
  Donald (Snake:1)
  7 greater nagas
  A ghost moth (shapeshifter) (Vaults:3)
  3 ghost moths
  Maud (D:11)
  A draconian knight (Zot:4)
  2 draconian scorchers (Zot:4)
  Aizul (Snake:4)
  2 draconian shifters (Zot:4)
  2 vault wardens
  2 draconian annihilators (Zot:4)
  A draconian zealot (Zot:5)
  8 ironheart preservers
  4 very ugly things
  8 stone giants
  A draconian caller (Depths:5)
  2 black draconians (Depths:5)
  3 deep elf demonologists
  A deep elf annihilator (Elf:3)
  2 yellow draconians (Zot:4)
  2 salamander stormcallers
  3 mottled draconians
  2 pale draconians (Depths:5)
  2 vampire knights
  A purple draconian (Zot:4)
  6 red draconians
  2 merfolk javelineers (Shoals:3)
  9 ettins
  9 vault guards
  6 merfolk impalers
  4 deep elf death magi
  A crystal guardian (Vaults:5)
  6 fire dragons
  4 deep elf high priests
  2 great orbs of eyes
  6 ice dragons
  9 yaktaur captains
  A rakshasa (D:14)
  7 ogre magi
  4 entropy weavers
  25 anacondas
  14 naga warriors
  7 hydras
  A catoblepas (Snake:4)
  3 centaur warriors
  Erica (Lair:2)
  A merfolk avatar (Shoals:4)
  A tengu warrior (D:13)
  3 satyrs
  3 merfolk aquamancers (Shoals:4)
  A deep troll earth mage (Depths:5)
  An anaconda (shapeshifter) (Vaults:3)
  7 death yaks
  10 shock serpents
  A deep troll shaman (Vaults:1)
  An orc high priest (Vaults:1)
  10 naga sharpshooters
  Nergalle (Lair:2)
  16 deep elf knights
  A fire crab (shapeshifter) (D:15)
  5 salamander mystics (Snake:4)
  A soul eater (Depths:3)
  5 skeletal warriors
  A fire crab (Vaults:4)
  A spectral anaconda (Depths:3)
  4 sea snakes
  5 wizards
  2 flayed ghosts (Vaults:1)
  10 ironbrand convokers
  2 giant orange brains
  11 deep trolls
  6 shadow wraiths
  7 naga ritualists
  2 unseen horrors
  5 deep elf summoners
  14 orc knights
  5 lindwurms
  Pikel (D:8)
  10 deep elf conjurers
  A necromancer (Vaults:1)
  10 hill giants
  10 mana vipers
  5 harpies (Vaults:4)
  9 griffons
  3 orc sorcerers
  An orb spider (shapeshifter) (Vaults:3)
  A hornet (Vaults:4)
  42 ugly things
  11 guardian serpents
  5 moths of wrath
  11 manticores
  21 fauns
  7 water nymphs
  2 wolf spiders
  11 elephants
  A centaur zombie (D:11)
  A guardian serpent (shapeshifter) (Vaults:2)
  28 naga magi
  8 salamanders
  Maurice (D:8)
  44 black mambas
  12 sirens
  A torpor snail (Lair:5)
  An ice statue (IceCv)
  11 cyclopes
  Psyche (D:11)
  An octopode (Lair:7)
  11 vault sentinels
  3 gargoyles
  21 spiny frogs
  A komodo dragon (Lair:4)
  A yaktaur zombie (Vaults:1)
  An efreet (D:13)
  20 yaktaurs
  6 deep elf priests
  2 kobold demonologists
  3 tengu conjurers
  3 freezing wraiths
  A jumping spider (Vaults:3)
  A troll (shapeshifter) (Vaults:5)
  2 fire drakes
  12 trolls
  A giant leech (Lair:8)
  6 wind drakes
  25 merfolk
  5 slime creatures (Vaults:1)
  3 raiju (Depths:3)
  A queen bee (D:9)
  21 blink frogs
  A frost giant simulacrum (Vaults:2)
  22 two-headed ogres
  2 stone giant simulacra
  7 boulder beetles
  A trapdoor spider (Snake:4)
  A spriggan (D:7)
  2 wyverns
  Sigmund (D:5)
  9 snapping turtles
  A blink frog (shapeshifter) (Vaults:4)
  An ettin skeleton (Vaults:1)
  6 wraiths
  3 shadows
  A vampire (D:15)
  10 redbacks
  A yak (shapeshifter) (Vaults:4)
  2 tarantellas
  40 deep elf magi
  5 water elementals
  21 deep elf fighters
  A wyvern (shapeshifter) (Depths:2)
  28 vampire mosquitoes
  A basilisk (D:15)
  A human (shapeshifter) (D:13)
  21 wolves
  A human (D:8)
  6 mottled dragons
  40 yaks
  9 hippogriffs
  38 nagas
  11 wargs
  3 steam dragons (Depths:5)
  2 spatial vortices
  16 water moccasins
  3 soldier ants
  An eye of draining (Lair:8)
  20 orc warriors
  An ice beast (shapeshifter) (Vaults:4)
  11 porcupines
  6 hell hounds (Depths:3)
  5 sky beasts
  8 spiders (Snake:4)
  2 necrophages
  43 ogres
  3 black bears
  4 phantoms
  19 crocodiles
  A boggart (Elf:2)
  25 ice beasts
  13 centaurs
  A big kobold (D:12)
  2 human zombies (Vaults:1)
  Blork the orc (D:6)
  38 giant frogs
  7 scorpions
  A wyvern skeleton (D:12)
  7 electric eels
  32 killer bees
  A killer bee (shapeshifter) (Depths:3)
  12 wights
  13 crimson imps
  A giant frog zombie (D:5)
  10 jellies
  22 orc priests
  3 centaur skeletons
  2 quasits
  A wasp zombie (D:7)
  3 giant frog skeletons
  3 hounds
  9 iguanas
  41 orc wizards
  6 worker ants
  47 sheep
  A mummy (D:4)
  A worker ant zombie (D:6)
  3 gnolls (D:7)
  22 adders
  42 river rats
  A shadow imp (D:9)
  5 oozes
  3 worms
  2 adder skeletons
  5 giant geckos
  172 orcs
  7 giant cockroaches
  6 hobgoblins
  4 jackals (D:3)
  8 quokkas
  8 bats
  2 giant newts
  6 goblins
  22 kobolds
  7 rats
  A spectral orc (D:4)
  2 crawling corpses (Elf:3)
  A plant (D:10)
1877 creatures vanquished.

Vanquished Creatures (collateral kills)
  A tentacled monstrosity (Vaults:5)
  A titan (Vaults:5)
  2 storm dragons
  A shadow dragon (Vaults:5)
  4 deep elf sorcerers (Elf:3)
  A greater naga (Snake:2)
  3 vault wardens (Vaults:5)
  A draconian annihilator (Zot:4)
  An ironheart preserver (Vaults:2)
  3 very ugly things (Vaults:5)
  A deep elf demonologist (Elf:3)
  A salamander stormcaller (Vaults:5)
  4 deep elf annihilators
  4 ettins (Vaults:5)
  23 vault guards (Vaults:5)
  A merfolk impaler (Shoals:4)
  2 deep elf death magi
  A yaktaur captain (Vaults:5)
  Josephine (D:11)
  A fire dragon (Elf:2)
  3 deep elf high priests (Elf:3)
  A hell beast (Elf:2)
  Erolcha (Orc:1)
  2 hydras (Elf:2)
  An ogre mage (Vaults:1)
  A deep troll earth mage (Vaults:2)
  2 deep elf knights (Elf:1)
  A skeletal warrior (D:11)
  A sea snake (Shoals:3)
  2 deep elf summoners
  2 phantasmal warriors (Vaults:5)
  An ironbrand convoker (Vaults:5)
  6 deep trolls
  2 orc knights
  10 manticores
  An ugly thing (Vaults:4)
  2 griffons (Elf:2)
  A water nymph (Shoals:1)
  3 cyclopes
  2 fauns (Shoals:4)
  3 harpies
  A naga mage (Snake:4)
  2 moths of wrath
  A vault sentinel (Vaults:5)
  2 gargoyles (D:10)
  A torpor snail (Lair:3)
  A kobold demonologist (D:9)
  A jumping spider (shapeshifter) (Elf:2)
  A deep elf priest (Elf:3)
  A merfolk (Shoals:4)
  A two-headed ogre (D:11)
  2 trolls
  A blink frog (Lair:1)
  A wraith (D:11)
  A deep elf fighter (Elf:3)
  4 yaks
  A hungry ghost (D:8)
  A water elemental (Shoals:1)
  A warg (Vaults:5)
  2 nagas (Lair:4)
  5 orc warriors
  A phantom (D:8)
  A slave (D:8)
  An ice beast (D:7)
  4 ogres
  A crocodile (Lair:6)
  A big kobold (D:7)
  2 giant frogs
  8 killer bees
  2 electric eels (Lair:5)
  3 orc priests
  4 jellies (Lair:8)
  A hound (D:14)
  3 sheep (Shoals:4)
  2 orc wizards (Orc:4)
  2 adders
  4 gnolls (D:3)
  A shadow imp (D:9)
  A river rat (Lair:3)
  An ooze (Lair:8)
  A worm (D:3)
  21 orcs
  2 bats (D:2)
  A giant newt (D:3)
  A fungus (Lair:5)
  A plant (Lair:5)
206 creatures vanquished.

Vanquished Creatures (others)
  A death cob (Zot:4)
  A storm dragon (Vaults:5)
  2 sphinxes (Elf:2)
  A tengu reaver (Vaults:5)
  A draconian knight (Zot:4)
  A deep elf sorcerer (Elf:3)
  A draconian annihilator (Depths:5)
  A stone giant (Vaults:5)
  A very ugly thing (Vaults:5)
  3 deep elf demonologists
  A vault guard (Vaults:5)
  A merfolk aquamancer (Shoals:4)
  4 dancing weapons
  A deep troll (Vaults:1)
  A mana viper (Snake:4)
  4 yaktaurs (Vaults:2)
  A two-headed ogre (Orc:4)
  A raiju (Depths:3)
  A deep elf mage (Elf:1)
  The ghost of xeno23 the Gusty, an amateur TeAE (D:5)
  A deep elf fighter (Elf:2)
  A human (Lair:6)
  A naga (Snake:4)
  A slave (D:8)
  A porcupine (Lair:6)
  A hell hound (Depths:3)
  2 orc warriors (Vaults:5)
  An ogre (Vaults:1)
  2 giant frogs
  3 killer bees (D:9)
  A giant frog zombie (D:5)
  A hound (D:14)
  An orc priest (Elf:1)
  An orc wizard (D:5)
  An adder (D:5)
  A giant gecko (D:6)
  6 orcs
  2 bushes (Lair:8)
  A crawling corpse (Elf:3)
  50 fungi
  23 plants
131 creatures vanquished.

Grand Total: 2214 creatures vanquished

Notes
Turn   | Place    | Note
--------------------------------------------------------------
     0 | D:1      | HungrySpirit the Vampire Chaos Knight began the quest for the Orb.
     0 | D:1      | Reached XP level 1. HP: 17/17 MP: 1/1
    28 | D:1      | XOM: harmless Ice miscast
    80 | D:1      | Reached skill level 1 in Stealth
   108 | D:1      | XOM: harmless Air miscast
   120 | D:1      | XOM: smoke on damage
   121 | D:1      | Reached XP level 2. HP: 20/23 MP: 2/2
   193 | D:1      | XOM is BORED!
   193 | D:1      | XOM: harmless Necr miscast
   575 | D:1      | XOM: god gift: 32 stones
   647 | D:1      | XOM: god gift: scroll labeled GEKHLI DIMOSIRCH
   664 | D:1      | XOM: vitrification
   693 | D:1      | XOM: god gift: bread ration
   708 | D:1      | XOM is BORED!
   708 | D:1      | XOM: mild Conj miscast
   722 | D:2      | XOM: summons 2 friendly demons
   725 | D:2      | XOM: 2-stop teleportation journey
   736 | D:2      | Reached XP level 3. HP: 18/28 MP: 3/3
   754 | D:2      | Reached skill level 4 in Short Blades
  1112 | D:2      | Reached XP level 4. HP: 34/34 MP: 4/4
  1294 | D:2      | XOM: god gift: crooked runed rod {god gift}
  1296 | D:2      | Identified a +5 rod of the swarm (11/11) (Xom gifted it to you on level 2 of the Dungeon)
  1676 | D:3      | XOM: smoke on damage
  1897 | D:3      | XOM: god gift: leatherbound book {god gift}
  2075 | D:3      | XOM: polymorph adder -> giant cockroach
  2127 | D:3      | Reached XP level 5. HP: 39/39 MP: 5/5
  2147 | D:4      | Noticed an ogre
  2151 | D:4      | Killed an ogre
  2151 | D:4      | Reached skill level 5 in Short Blades
  2151 | D:4      | Reached skill level 5 in Stealth
  2166 | D:4      | Noticed an ice beast
  2178 | D:4      | Noticed a black bear
  2178 | D:4      | an ice beast changed into a black bear
  2179 | D:4      | Killed a black bear
  2179 | D:4      | Reached XP level 6. HP: 40/46 MP: 6/6
  2190 | D:4      | Noticed an ogre
  2199 | D:4      | Killed an ogre
  2199 | D:4      | Reached skill level 6 in Stealth
  2258 | D:4      | XOM: harmless Necr miscast
  2325 | D:4      | Found Vitzimeh's Book Emporium.
  2686 | D:4      | XOM: enchant monster (good)
  2696 | D:4      | XOM: silly message
  2714 | D:4      | Reached XP level 7. HP: 52/52 MP: 7/7
  2845 | D:4      | Found a snail-covered altar of Cheibriados.
  2872 | D:4      | Found a basalt altar of Yredelemnul.
  3014 | D:5      | Entered Level 5 of the Dungeon
  3043 | D:5      | XOM: medium Necr miscast
  3047 | D:5      | XOM: divination: detect items
  3051 | D:5      | XOM: enchant monster (good)
  3057 | D:5      | Reached skill level 7 in Stealth
  3061 | D:5      | Found a glowing golden altar of the Shining One.
  3072 | D:5      | Got a brightly glowing hand crossbow
  3093 | D:5      | Noticed Sigmund
  3101 | D:5      | XOM: smoke on damage
  3104 | D:5      | Killed Sigmund
  3228 | D:5      | XOM: divine lightning (protected)
  3518 | D:5      | Noticed xeno23's ghost (amateur TeAE)
  3519 | D:5      | XOM: cast spell 'Warp Weapon'
  3521 | D:5      | Banished xeno23's ghost
  3521 | D:5      | Reached skill level 8 in Stealth
  3677 | D:5      | XOM: divine lightning (protected)
  3895 | D:5      | XOM: silly message
  3944 | D:5      | XOM: colour smoke trail
  4093 | D:5      | XOM: medium Fire miscast
  4260 | D:6      | Noticed Blork the orc
  4274 | D:6      | Killed Blork the orc
  4274 | D:6      | Reached XP level 8. HP: 53/60 MP: 8/8
  4315 | D:6      | XOM: give mutation
  4315 | D:6      | Gained mutation: You are somewhat resistant to further mutation. [Xom's mischief]
  4455 | D:6      | XOM: give mutations
  4455 | D:6      | Gained mutation: You are clumsy. (Dex -2) [Xom's mischief]
  4455 | D:6      | Gained mutation: You expend magic power (3 MP) to strengthen your wands. [Xom's mischief]
  4455 | D:6      | Lost mutation: You are clumsy. (Dex -2) [Xom's mischief]
  4455 | D:6      | Gained mutation: Your body sometimes deteriorates upon taking damage. [Xom's mischief]
  4461 | D:6      | XOM: divine lightning
  4680 | D:6      | XOM: vitrification
  4682 | D:6      | Found a bloodstained altar of Trog.
  4765 | D:6      | Reached skill level 9 in Stealth
  4830 | D:6      | XOM: fog
  4852 | D:6      | XOM: god gift: glowing copper wand {god gift}
  4909 | D:6      | Found a staircase to the Ecumenical Temple.
  4916 | D:6      | XOM: enchant monster (good)
  4957 | D:6      | XOM: summons 3 friendly demons
  5126 | D:6      | XOM: scenery: 1 doors close
  5187 | D:6      | XOM: confuse monster(s)
  5193 | D:6      | Reached skill level 5 in Dodging
  5274 | D:6      | XOM: polymorph orc priest -> adder
  5310 | D:6      | Learned a level 2 spell: Swiftness
  5554 | D:6      | XOM: give mutations
  5554 | D:6      | Gained mutation: You are agile. (Dex +2) [Xom's grace]
  5554 | D:6      | Gained mutation: You have large cloven feet. [Xom's grace]
  5554 | D:6      | Gained mutation: Your flesh is heat resistant. [Xom's grace]
  5724 | D:6      | XOM: divine lightning (protected)
  5816 | D:7      | XOM: noise
  5853 | D:7      | XOM: summons friendly rust devil
  5856 | D:7      | Reached skill level 10 in Stealth
  5856 | D:7      | Reached skill level 1 in Charms
  6333 | D:7      | Reached XP level 9. HP: 66/66 MP: 9/9
  6340 | D:7      | XOM: swap monsters
  6450 | D:7      | XOM: 2-stop teleportation journey
  6646 | D:7      | Found a shimmering altar of Xom.
  6646 | D:7      | XOM: 7-stop teleportation journey
  6691 | D:7      | XOM: god gift: 11 potions of blood
  6722 | D:7      | XOM: divination: detect creatures
  6776 | D:7      | XOM: give mutation
  6776 | D:7      | Gained mutation: Your muscles are strong. (Str +2) [Xom's grace]
  6945 | D:7      | XOM: god gift: runed war axe {god gift}
  6994 | D:7      | Reached skill level 11 in Stealth
  7062 | D:7      | XOM: polymorph hippogriff -> spriggan
  7078 | D:7      | Reached skill level 5 in Fighting
  7151 | D:7      | XOM: 2-stop teleportation journey
  7299 | D:7      | XOM: cast spell 'Summon Butterflies'
  7486 | D:7      | XOM: stat loss: -1 Str (12/13)
  7598 | D:7      | XOM: colour smoke trail
  7686 | D:8      | Noticed Gastronok
  7697 | D:8      | Killed Gastronok
  7697 | D:8      | Reached skill level 10 in Short Blades
  7697 | D:8      | Reached skill level 12 in Stealth
  7697 | D:8      | Reached XP level 10. HP: 74/76 MP: 10/10
  7822 | D:8      | Noticed Pikel
  7828 | D:8      | XOM: divination: magic mapping
  7830 | D:8      | XOM: summons friendly iron imp
  7839 | D:8      | Killed Pikel
  7864 | D:8      | Found an opulent altar of Gozag.
  8147 | D:8      | Noticed Maurice
  8164 | D:8      | XOM: enchant monster (bad)
  8180 | D:8      | Killed Maurice
  8180 | D:8      | Reached skill level 13 in Stealth
  8200 | D:8      | XOM: colour smoke trail
  8929 | D:9      | Found a burning altar of Makhleb.
  9032 | D:9      | XOM: summons 3 friendly demons
  9036 | D:9      | XOM: destruction
  9056 | D:9      | XOM: enchant monster (bad)
  9127 | D:9      | Found a runed door.
  9253 | D:9      | Found a sparkling altar of Nemelex Xobeh.
  9263 | D:9      | Found a shimmering altar of Xom.
  9279 | D:9      | Learned a level 2 spell: Repel Missiles
  9346 | D:9      | Reached skill level 5 in Charms
  9390 | D:9      | XOM: harmless Erth miscast
  9701 | D:9      | Reached skill level 14 in Stealth
  9758 | D:9      | XOM: summons 5 hostile demons
  9776 | D:9      | Reached skill level 1 in Air Magic
  9792 | D:9      | XOM: fog
  9798 | D:9      | Reached XP level 11. HP: 43/82 MP: 11/11
  9834 | D:9      | XOM: cast spell 'Summon Butterflies'
  9886 | D:9      | XOM: medium Divn miscast
  9909 | D:9      | XOM: fog
 10050 | D:9      | XOM: god gift: 8 steel tomahawks
 10428 | D:9      | Gained mutation: You are robust (+10% HP). [potion of beneficial mutation]
 10557 | D:9      | XOM: noise
 10602 | D:9      | XOM: summons 3 friendly demons
 10786 | D:10     | Entered Level 10 of the Dungeon
 10844 | D:10     | Reached skill level 1 in Evocations
 10955 | D:10     | XOM: potion effect (haste)
 11294 | D:10     | Noticed an unseen horror
 11294 | D:10     | an unseen horror changed into a wind drake
 11294 | D:10     | XOM: polymorph unseen horror -> wind drake
 11295 | D:10     | Noticed a hill giant
 11298 | D:10     | Killed a hill giant
 11298 | D:10     | XOM: colour smoke trail
 11556 | D:10     | XOM: colour smoke trail
 11612 | D:10     | Found a staircase to the Lair.
 11704 | D:11     | Noticed a skeletal warrior
 11704 | D:11     | Noticed a skeletal warrior
 11704 | D:11     | Noticed a skeletal warrior
 11704 | D:11     | Noticed a skeletal warrior
 11704 | D:11     | Noticed a skeletal warrior
 11707 | D:11     | Killed a skeletal warrior
 11708 | D:11     | Killed a skeletal warrior
 11836 | D:10     | XOM: mild Erth miscast
 12012 | D:10     | XOM: butterfly on damage
 12041 | D:10     | XOM: colour smoke trail
 12243 | D:11     | Noticed Josephine
 12260 | D:11     | XOM: harmless Conj miscast
 12261 | D:11     | Killed Josephine
 12594 | D:11     | Killed a skeletal warrior
 12624 | D:11     | Found a shattered altar of Ashenzari.
 12649 | D:11     | Noticed Maud
 12653 | D:11     | Killed Maud
 12654 | D:11     | Noticed a hill giant
 12659 | D:11     | XOM: blink monster(s)
 12743 | Lair:1   | Entered Level 1 of the Lair of Beasts
 12755 | Lair:1   | XOM: enchant monster (good)
 12859 | Lair:1   | Reached skill level 15 in Stealth
 12910 | Lair:1   | XOM is BORED!
 12910 | Lair:1   | XOM: noise
 13028 | Lair:1   | XOM: god gift: 13 stones
 13127 | Lair:1   | Reached XP level 12. HP: 97/97 MP: 12/15
 13128 | Lair:1   | Reached skill level 1 in Long Blades
 13451 | Lair:1   | XOM: god gift: scroll labeled MAOCYU GUAVUZA
 13497 | Lair:1   | Reached skill level 5 in Evocations
 13504 | Lair:1   | XOM: 7-stop teleportation journey
 13602 | Lair:1   | XOM: scenery: create altars
 13947 | Lair:1   | XOM: enchant monster (good)
 13966 | Lair:1   | XOM is BORED!
 13966 | Lair:1   | XOM: medium Divn miscast
 14100 | Lair:2   | XOM: harmless Trmt miscast
 14194 | Lair:2   | XOM: confuse monster(s)
 14351 | Lair:2   | XOM: 4-stop teleportation journey
 14365 | Lair:2   | XOM: blink monster(s)
 14367 | Lair:2   | XOM: summons friendly shadow imp
 14470 | Lair:2   | XOM: polymorph shadow imp -> quasit
 14575 | Lair:2   | XOM: colour smoke trail
 14729 | Lair:2   | XOM: enchant monster (good)
 14760 | Lair:2   | Noticed Nergalle
 14763 | Lair:2   | Noticed Erica
 14770 | Lair:2   | XOM: cast spell 'Statue Form'
 14799 | Lair:2   | Killed Nergalle
 14810 | Lair:2   | XOM: destruction
 14818 | Lair:2   | Killed Erica
 14882 | Lair:2   | XOM: confuse monster(s)
 14990 | Lair:2   | XOM: give mutations
 14990 | Lair:2   | Lost mutation: Your body sometimes deteriorates upon taking damage. [Xom's mischief]
 14990 | Lair:2   | Lost mutation: You are agile. (Dex +2) [Xom's mischief]
 15283 | Lair:3   | XOM: summons 2 friendly demons
 15292 | Lair:3   | XOM: cast spell 'Monstrous Menagerie'
 15371 | Lair:3   | Reached skill level 5 in Air Magic
 15495 | Lair:3   | XOM: confuse monster(s)
 15992 | Lair:4   | Noticed an eight-headed hydra
 15999 | Lair:4   | Killed an eight-headed hydra
 16130 | Lair:4   | XOM: swap monsters
 16135 | Lair:4   | Reached skill level 16 in Stealth
 16135 | Lair:4   | XOM: potion effect (berserk rage)
 16316 | Lair:4   | XOM: vitrification
 16406 | Lair:4   | XOM: silly message
 16635 | Lair:4   | Reached XP level 13. HP: 97/103 MP: 18/18
 16680 | Lair:4   | Found a staircase to the Snake Pit.
 17328 | Lair:5   | XOM: mild Pois miscast
 17401 | Lair:5   | XOM: divination: detect creatures
 17477 | Lair:5   | Found a staircase to the Shoals.
 17530 | Lair:6   | XOM: stealth player
 17552 | Lair:6   | XOM: noise
 17567 | Lair:6   | Found a shattered altar of Ashenzari.
 17770 | Lair:6   | XOM: harmless Chrm miscast
 17844 | Lair:6   | Noticed Kirke
 17852 | Lair:6   | XOM: medium Pois miscast
 17856 | Lair:6   | Killed Kirke
 17856 | Lair:6   | Reached skill level 5 in Long Blades
 17856 | Lair:6   | Reached skill level 10 in Dodging
 17878 | Lair:6   | XOM: medium Fire miscast
 17902 | Lair:6   | XOM: torment (48/104 hp)
 17959 | Lair:6   | XOM: medium Fire miscast
 18407 | Lair:7   | Learned a level 3 spell: Confuse
 18444 | Lair:7   | XOM: polymorph elephant -> octopode
 18452 | Lair:7   | Reached skill level 1 in Hexes
 18510 | Lair:7   | Reached skill level 1 in Spellcasting
 18786 | Lair:7   | Lost mutation: You expend magic power (3 MP) to strengthen your wands. [potion of cure mutation]
 18786 | Lair:7   | Lost mutation: You have large cloven feet. [potion of cure mutation]
 18786 | Lair:7   | Lost mutation: You are robust (+10% HP). [potion of cure mutation]
 18786 | Lair:7   | Lost mutation: Your muscles are strong. (Str +2) [potion of cure mutation]
 18938 | Lair:7   | XOM: cast spell 'Summon Butterflies'
 19133 | Lair:7   | XOM: confuse monster(s)
 19134 | Lair:7   | Noticed a dire elephant
 19156 | Lair:7   | Learned a level 2 spell: Ensorcelled Hibernation
 19159 | Lair:7   | Got a tattered robe
 19160 | Lair:7   | Identified the +1 robe of Pessimism {rElec rCorr Dex+3 Stlth+} (You found it on level 7 of the Lair of Beasts)
 19189 | Lair:7   | XOM: divination: detect creatures
 19236 | Lair:7   | XOM: enchant monster (good)
 19541 | Lair:8   | Entered Level 8 of the Lair of Beasts
 19860 | Lair:8   | XOM: mild Trmt miscast
 19893 | Lair:8   | XOM: harmless Divn miscast
 19902 | Lair:8   | XOM: snakes to sticks
 19906 | Lair:8   | XOM: confuse monster(s)
 20038 | Lair:8   | XOM: 1-stop teleportation journey
 20044 | Lair:8   | XOM: confuse monster(s)
 20171 | Lair:8   | Found a staircase to the Slime Pits.
 20235 | Lair:8   | XOM: mild Summ miscast
 20290 | Lair:8   | XOM: divination: magic mapping
 20343 | Lair:8   | XOM: summons friendly white imp
 20475 | Lair:8   | XOM: noise
 20502 | Lair:8   | XOM: divination: detect items
 20591 | Lair:8   | XOM: summons friendly crimson imp
 20638 | Lair:8   | XOM: cast spell 'Dispersal'
 20917 | Lair:8   | Reached skill level 5 in Hexes
 20917 | Lair:8   | Reached XP level 14. HP: 97/104 MP: 17/20
 20933 | Lair:8   | XOM: enchant monster (good)
 20977 | Lair:8   | XOM: divination: detect creatures
 21079 | Lair:8   | XOM: vitrification
 21204 | Lair:8   | XOM: destruction
 21212 | Lair:8   | XOM: summons friendly shadow imp
 21476 | Lair:8   | XOM: summons 2 friendly demons
 21505 | Lair:8   | XOM: silly message
 21572 | Lair:8   | XOM: medium Summ miscast
 21792 | Lair:8   | XOM: severe Summ miscast
 21792 | Lair:8   | Cast into the Abyss (the severe capriciousness of Xom)
 21891 | Abyss:1  | XOM: give mutations
 21891 | Abyss:1  | Gained mutation: Your body sometimes deteriorates upon taking damage. [Xom's mischief]
 21891 | Abyss:1  | Gained mutation: Your muscles are strong. (Str +2) [Xom's mischief]
 21891 | Abyss:1  | Lost mutation: Your flesh is heat resistant. [Xom's mischief]
 21899 | Lair:8   | Escaped the Abyss
 21902 | Lair:8   | XOM: enchant monster (bad)
 22020 | Lair:8   | Got a brightly glowing ivory ring
 22079 | Lair:8   | Identified the ring "Ceuwa" {rF- rN+ AC+4 Int+4 Stlth+} (You found it on level 8 of the Lair of Beasts)
 22110 | Lair:8   | XOM: colour smoke trail
 22390 | Lair:1   | XOM: god gift: glistering book {god gift}
 22391 | Lair:1   | Identified Xom's Compendium of Power (Xom gifted it to you on level 1 of the Lair of Beasts)
 22428 | D:11     | XOM: potion effect (brilliance)
 22435 | D:11     | XOM: summons 11 friendly demons
 22461 | D:11     | Killed a hill giant
 22494 | D:11     | Found a stormy altar of Qazlal.
 22499 | D:11     | Noticed a hill giant
 22500 | D:11     | XOM: enchant monster (good)
 22536 | D:11     | Killed a hill giant
 22613 | D:11     | Noticed Psyche
 22617 | D:11     | Killed Psyche
 22669 | D:11     | Found a staircase to the Orcish Mines.
 22673 | D:11     | XOM: god gift: ring mail {god gift}
 22800 | D:11     | XOM: god gift: scroll of amnesia
 22937 | Orc:1    | Entered Level 1 of the Orcish Mines
 22942 | Orc:1    | XOM: enchant monster (good)
 22982 | Orc:1    | XOM: summons 3 hostile demons
 23252 | Orc:1    | Noticed Erolcha
 23261 | Orc:1    | Killed Erolcha
 23437 | Orc:2    | Found a frozen archway.
 23475 | Orc:1    | XOM: give mutations
 23475 | Orc:1    | Gained mutation: You are partially covered in thin metallic scales (AC +2). [Xom's grace]
 23475 | Orc:1    | Gained mutation: You have sharp fingernails. [Xom's grace]
 23782 | IceCv    | Entered an ice cave
 23800 | IceCv    | XOM: fog
 23918 | IceCv    | XOM: potion effect (berserk rage)
 23958 | IceCv    | XOM: fake destruction
 24274 | IceCv    | XOM: swap monsters
 24414 | IceCv    | XOM: god gift: runed dagger {god gift}
 24642 | IceCv    | XOM: god gift: rare book {god gift}
 24645 | IceCv    | Identified Welen's Reference Book on Hurtful Weightlessness (Xom gifted it to you in an ice cave)
 24798 | IceCv    | Learned a level 3 spell: Mephitic Cloud
 24980 | IceCv    | XOM: give mutations
 24980 | IceCv    | Gained mutation: You are covered in fur (AC +1). [Xom's grace]
 24980 | IceCv    | Gained mutation: You are covered in thick fur (AC +2). [Xom's grace]
 24980 | IceCv    | Gained mutation: You are mostly covered in thin metallic scales (AC +3). [Xom's grace]
 24980 | IceCv    | Gained mutation: You have a somewhat thin skeletal structure (Dex +2, Stealth). [Xom's grace]
 25012 | IceCv    | XOM: scenery: create altars
 25102 | Orc:2    | XOM is BORED!
 25102 | Orc:2    | XOM: medium Pois miscast
 25779 | Orc:3    | XOM: enchant monster (bad)
 25953 | Orc:3    | Found a staircase to the Elven Halls.
 26056 | Orc:3    | XOM: medium Divn miscast
 26388 | Orc:3    | XOM: colour smoke trail
 26448 | Orc:3    | XOM: mild Pois miscast
 26450 | Orc:4    | Entered Level 4 of the Orcish Mines
 26459 | Orc:4    | Reached skill level 5 in Spellcasting
 26558 | Orc:4    | XOM: noise
 26720 | Orc:4    | Found Lyrghoyrch's Weapon Boutique.
 26722 | Orc:4    | Found Wuab's Assorted Antiques.
 26766 | Orc:4    | Found Bopser's Food Emporium.
 26786 | Orc:4    | XOM: mild Trmt miscast
 26794 | Orc:4    | XOM: potion effect (berserk rage)
 26801 | Orc:4    | XOM: potion effect (might)
 27036 | Orc:4    | XOM: divination: detect creatures
 27138 | Orc:4    | XOM: silly message
 27148 | Orc:4    | XOM: potion effect (curing)
 27156 | Orc:4    | XOM: potion effect (invisibility)
 27165 | Orc:4    | Reached skill level 10 in Hexes
 27328 | Orc:4    | XOM: potion effect (might)
 27518 | Orc:4    | XOM: mild Pois miscast
 27539 | Orc:4    | XOM: divination: detect creatures
 27582 | Orc:4    | Found Roove's Food Shop.
 27798 | D:12     | Reached XP level 15. HP: 113/113 MP: 23/23
 27840 | D:12     | XOM: potion effect (might)
 27971 | D:12     | XOM: confuse monster(s)
 27974 | D:12     | Killed a skeletal warrior
 28009 | D:12     | XOM: medium Tloc miscast
 28014 | D:12     | Learned a level 8 spell: Discord
 28086 | D:12     | XOM: polymorph shadow imp -> crimson imp
 28119 | D:12     | XOM: confuse monster(s)
 28397 | D:12     | XOM: mild Fire miscast
 28587 | D:12     | Found Soyxag's Assorted Antiques.
 28595 | D:12     | Bought a potion of cancellation for 216 gold pieces
 28595 | D:12     | Bought a dyed leather armour for 54 gold pieces
 28595 | D:12     | XOM: give mutations
 28595 | D:12     | Lost mutation: You have a somewhat thin skeletal structure (Dex +2, Stealth). [Xom's mischief]
 28595 | D:12     | Lost mutation: Your body sometimes deteriorates upon taking damage. [Xom's mischief]
 28595 | D:12     | Lost mutation: You are mostly covered in thin metallic scales (AC +3). [Xom's mischief]
 28595 | D:12     | Gained mutation: You are clumsy. (Dex -2) [Xom's mischief]
 28736 | D:12     | XOM: harmless Summ miscast
 28821 | D:13     | Learned a level 3 spell: Regeneration
 28869 | D:13     | XOM: noise
 28881 | D:13     | XOM: cast spell 'Olgreb's Toxic Radiance'
 28893 | D:13     | XOM: cast spell 'Olgreb's Toxic Radiance'
 28980 | D:13     | XOM: harmless Air miscast
 29088 | D:13     | XOM: enchant monster (bad)
 29191 | D:13     | Found Pedenuss's Magic Scroll Boutique.
 29196 | D:13     | Bought a scroll of fog for 38 gold pieces
 29196 | D:13     | Bought a scroll of blinking for 142 gold pieces
 29196 | D:13     | Bought a scroll of identify for 38 gold pieces
 29196 | D:13     | Bought a scroll of enchant weapon for 142 gold pieces
 29196 | D:13     | Bought a scroll of identify for 38 gold pieces
 29196 | D:13     | Bought a scroll of holy word for 142 gold pieces
 29200 | D:13     | Learned a level 3 spell: Ozocubu's Armour
 29265 | D:13     | XOM: silly message
 29300 | D:13     | XOM: give mutations
 29300 | D:13     | Lost mutation: Your muscles are strong. (Str +2) [Xom's mischief]
 29300 | D:13     | Gained mutation: You expend magic power (3 MP) to strengthen your wands. [Xom's mischief]
 29300 | D:13     | Gained mutation: You are very clumsy. (Dex -4) [Xom's mischief]
 29300 | D:13     | Gained mutation: Your body sometimes deteriorates upon taking damage. [Xom's mischief]
 29560 | D:13     | XOM: silly message
 29574 | D:13     | XOM: polymorph steam dragon -> human
 29579 | D:13     | XOM: stat loss: -1 Str (10/11)
 29771 | D:13     | XOM: summons 4 hostile shadow creatures
 30062 | D:13     | Got a crude marble ring
 30153 | D:13     | XOM: draining
 30334 | D:14     | XOM: stat loss: -1 Int (13/15)
 30359 | D:14     | Noticed Anothat's ghost (adept FoFi)
 30365 | D:14     | XOM: chaos upgrade
 30387 | D:14     | XOM: smoke on damage
 30422 | D:14     | XOM: 2-stop teleportation journey
 30429 | D:14     | XOM: noise
 30840 | Shoals:1 | Entered Level 1 of the Shoals
 30980 | Shoals:1 | Got a sparkling iron ring
 30982 | Shoals:1 | Found Iokho's Incredible Inventory.
 31111 | Shoals:1 | Identified the ring "Zusumaerghy" {rElec MP+9 EV+5 Slay+3} (You found it on level 13 of the Dungeon)
 31112 | Shoals:1 | Identified the ring of Dixopsiv {SustAt rElec rF+++ Slay+3 Stlth-} (You found it on level 1 of the Shoals)
 31456 | Shoals:1 | Lost mutation: Your body sometimes deteriorates upon taking damage. [potion of cure mutation]
 31456 | Shoals:1 | Lost mutation: You expend magic power (3 MP) to strengthen your wands. [potion of cure mutation]
 31456 | Shoals:1 | Lost mutation: You are very clumsy. (Dex -4) [potion of cure mutation]
 31456 | Shoals:1 | Lost mutation: You are somewhat resistant to further mutation. [potion of cure mutation]
 31456 | Shoals:1 | Lost mutation: You are clumsy. (Dex -2) [potion of cure mutation]
 31456 | Shoals:1 | Lost mutation: You are partially covered in thin metallic scales (AC +2). [potion of cure mutation]
 31635 | Shoals:1 | XOM: blink monster(s)
 31639 | Shoals:1 | XOM: chaos cloud
 31979 | Shoals:1 | XOM: smoke on damage
 32065 | Shoals:1 | XOM: noise
 32236 | Shoals:1 | XOM is BORED!
 32236 | Shoals:1 | XOM: summons 5 hostile shadow creatures
 32846 | Shoals:2 | Gained mutation: You are dopey. (Int -2) [mutagenic glow]
 32862 | Shoals:2 | XOM: enchant monster (good)
 33072 | Shoals:2 | Noticed a kraken
 33183 | Shoals:2 | Reached skill level 10 in Fighting
 33187 | Shoals:2 | XOM: summons friendly iron imp
 33211 | Shoals:2 | Noticed puimuR's ghost (journeyman DsBe)
 33211 | Shoals:2 | XOM: fog
 33283 | Shoals:1 | XOM: 2-stop teleportation journey
 33390 | Shoals:2 | XOM: vitrification
 33396 | Shoals:2 | XOM: destruction
 33429 | Shoals:2 | XOM: divination: detect creatures
 33465 | Shoals:2 | Noticed Sagrath01's ghost (adept DsCK)
 33498 | Shoals:2 | Killed Sagrath01's ghost
 33611 | Shoals:3 | XOM: swap monsters
 33685 | Shoals:3 | Gained mutation: Your spells are a little easier to cast, but a little less powerful. [mutagenic glow]
 33695 | Shoals:3 | XOM: destruction
 33898 | Shoals:3 | XOM: summons friendly ufetubus
 33899 | Shoals:3 | XOM: fog
 33935 | Shoals:3 | Reached skill level 17 in Stealth
 33937 | Shoals:3 | XOM: vitrification
 34107 | Shoals:3 | Found Vemuemuf's Armour Shop.
 34124 | Shoals:3 | XOM: smoke on damage
 34130 | Shoals:3 | XOM: cast spell 'Discord'
 34272 | Shoals:3 | XOM: 6-stop teleportation journey
 34319 | Shoals:3 | Reached XP level 16. HP: 122/122 MP: 25/25
 34414 | Shoals:4 | Entered Level 4 of the Shoals
 34438 | Shoals:4 | XOM: god gift: crooked runed rod {god gift}
 34442 | Shoals:4 | XOM: 9-stop teleportation journey
 34469 | Shoals:4 | Identified a +5 rod of the swarm (9/9) (Xom gifted it to you on level 4 of the Shoals)
 34596 | Shoals:4 | XOM: summons 15 friendly demons
 34658 | Shoals:4 | XOM: medium Fire miscast
 34672 | Shoals:4 | XOM: summons 2 friendly demons
 34681 | Shoals:4 | XOM: enchant monster (good)
 34682 | Shoals:4 | XOM: smoke on damage
 34689 | Shoals:4 | XOM: confuse monster(s)
 34708 | Shoals:4 | XOM: polymorph merfolk aquamancer -> death yak
 34970 | Shoals:3 | XOM: 5-stop teleportation journey
 34981 | Shoals:3 | XOM: repel stairs
 35146 | Shoals:4 | XOM: give mutations
 35146 | Shoals:4 | Gained mutation: You are frail (-10% HP). [Xom's mischief]
 35146 | Shoals:4 | Lost mutation: Your spells are a little easier to cast, but a little less powerful. [Xom's mischief]
 35146 | Shoals:4 | Lost mutation: You are dopey. (Int -2) [Xom's mischief]
 35146 | Shoals:4 | Gained mutation: Your body sometimes deteriorates upon taking damage. [Xom's mischief]
 35175 | Shoals:3 | XOM: give mutations
 35175 | Shoals:3 | Lost mutation: You are frail (-10% HP). [Xom's mischief]
 35175 | Shoals:3 | Gained mutation: You are frail (-10% HP). [Xom's mischief]
 35286 | Shoals:4 | XOM: potion effect (brilliance)
 35308 | Shoals:4 | XOM: noise
 35318 | Shoals:4 | XOM: noise
 35323 | Shoals:4 | XOM: polymorph merfolk javelineer -> yellow draconian
 35638 | Shoals:4 | XOM: swap monsters
 35786 | Shoals:4 | Got a barnacled rune of Zot
 35791 | Shoals:4 | XOM: chaos upgrade
 35796 | Shoals:4 | XOM: confuse monster(s)
 35905 | Shoals:2 | XOM: enchant monster (good)
 36028 | Lair:5   | XOM: mild Tloc miscast
 36057 | Snake:1  | Entered Level 1 of the Snake Pit
 36057 | Snake:1  | Noticed Donald
 36062 | Snake:1  | Killed Donald
 36368 | Snake:1  | Reached skill level 1 in Shields
 36414 | Snake:1  | Noticed Asterion
 36422 | Snake:1  | Killed Asterion
 36422 | Snake:1  | Reached skill level 15 in Hexes
 36432 | Snake:1  | Got a pitted shield
 36438 | Snake:1  | Identified the +1 shield of Rarobas {rCorr} (You took it off Asterion on level 1 of the Snake Pit)
 36468 | Snake:1  | XOM: swap monsters
 36471 | Snake:1  | Reached skill level 18 in Stealth
 36712 | Snake:1  | XOM: chaos cloud
 36903 | Snake:1  | XOM: summons 4 hostile shadow creatures
 37226 | Snake:1  | XOM: fog
 37232 | Snake:1  | XOM: draining
 37308 | Snake:2  | XOM: scenery: create altars
 37345 | Snake:2  | XOM: god gift: scroll of fog
 37537 | Snake:1  | XOM: give mutations
 37537 | Snake:1  | Gained mutation: You have a somewhat thin skeletal structure (Dex +2, Stealth). [Xom's grace]
 37537 | Snake:1  | Gained mutation: Your flesh is heat resistant. [Xom's grace]
 37537 | Snake:1  | Gained mutation: Your system is resistant to poisons. [Xom's grace]
 37537 | Snake:1  | Gained mutation: You have a pair of small horns on your head. [Xom's grace]
 37543 | Snake:1  | XOM: enchant monster (bad)
 37669 | Snake:1  | XOM: 3-stop teleportation journey
 37857 | Snake:1  | XOM: enchant monster (good)
 37931 | Snake:1  | XOM: silly message
 38169 | Snake:2  | XOM: divination: detect creatures
 38176 | Snake:2  | XOM: blink monster(s)
 38224 | Snake:2  | XOM: draining
 38324 | Snake:2  | XOM: mild Divn miscast
 38493 | Snake:2  | XOM: give mutation
 38493 | Snake:2  | Gained mutation: You are dopey. (Int -2) [Xom's mischief]
 38534 | Snake:2  | XOM: give mutations
 38534 | Snake:2  | Lost mutation: Your flesh is heat resistant. [Xom's mischief]
 38534 | Snake:2  | Lost mutation: You have a pair of small horns on your head. [Xom's mischief]
 38534 | Snake:2  | Lost mutation: You are covered in thick fur (AC +2). [Xom's mischief]
 38561 | Snake:2  | XOM: silly message
 38596 | Snake:2  | XOM: enchant monster (good)
 38851 | Snake:2  | XOM: mild Trmt miscast
 38878 | Snake:2  | XOM: 2-stop teleportation journey
 39039 | Snake:2  | XOM: god gift: pair of distressingly furry gloves {god gift}
 39042 | Snake:2  | Got a pair of distressingly furry gloves {god gift}
 39043 | Snake:2  | Identified the cursed -5 pair of gloves "Tuvataud" {Int+2} (Xom gifted it to you on level 2 of the Snake Pit)
 39119 | Snake:2  | XOM: enchant monster (good)
 39160 | Snake:2  | Reached XP level 17. HP: 107/116 MP: 26/26
 39457 | Snake:2  | XOM: polymorph naga warrior -> lindwurm
 39488 | Snake:2  | XOM: god gift: scroll of fear
 39554 | Snake:3  | XOM: snakes to sticks
 39556 | Snake:3  | XOM: cast spell 'Summon Ice Beast'
 39566 | Snake:3  | XOM: snakes to sticks
 39657 | Snake:3  | XOM: confuse monster(s)
 39779 | Snake:3  | XOM: polymorph naga -> centaur
 39792 | Snake:3  | XOM: summons friendly ufetubus
 39995 | Snake:3  | XOM: noise
 39999 | Snake:3  | XOM: enchant monster (good)
 40362 | Snake:3  | XOM: divination: detect creatures
 40615 | Snake:3  | XOM: chaos upgrade
 40908 | Snake:3  | Reached skill level 5 in Shields
 40912 | Snake:3  | XOM: give mutation
 40912 | Snake:3  | Lost mutation: You are frail (-10% HP). [Xom's mischief]
 40916 | Snake:3  | XOM: snakes to sticks
 40930 | Snake:3  | XOM: cast spell 'Ring of Flames'
 41227 | Snake:3  | XOM: give mutation
 41227 | Snake:3  | Gained mutation: Your flesh is cold resistant. [Xom's grace]
 41331 | Snake:4  | Entered Level 4 of the Snake Pit
 41374 | Snake:4  | Found Netec's Weapon Emporium.
 41382 | Snake:4  | Bought the +5 dagger of Uzesiac {pierce, rN++ Int+3} for 932 gold pieces
 41397 | Snake:4  | XOM: potion effect (haste)
 41499 | Snake:4  | XOM: harmless Pois miscast
 41578 | Snake:4  | XOM: cast spell 'Excruciating Wounds'
 41581 | Snake:4  | XOM: divination: detect creatures
 41598 | Snake:4  | XOM: divine lightning
 41612 | Snake:4  | XOM: polymorph greater naga -> stone giant
 41667 | Snake:4  | XOM: draining
 41692 | Snake:4  | XOM: silly message
 41715 | Snake:4  | XOM: torment (55/129 hp)
 41831 | Snake:4  | XOM: give mutations
 41831 | Snake:4  | Lost mutation: You are dopey. (Int -2) [Xom's mischief]
 41831 | Snake:4  | Lost mutation: Your system is resistant to poisons. [Xom's mischief]
 41831 | Snake:4  | Gained mutation: You are frail (-10% HP). [Xom's mischief]
 42026 | Snake:4  | XOM: harmless Erth miscast
 42105 | Snake:4  | Noticed Aizul
 42134 | Snake:4  | Killed Aizul
 42295 | Snake:4  | XOM: chaos upgrade
 42367 | Snake:4  | XOM: chaos upgrade
 42532 | Snake:4  | XOM: polymorph naga warrior -> cyclops
 42624 | Snake:4  | Reached skill level 15 in Dodging
 42641 | Snake:4  | XOM: blink monster(s)
 42793 | Snake:4  | XOM: 1-stop teleportation journey
 42849 | Snake:4  | XOM: polymorph greater naga -> death yak
 42854 | Snake:4  | Reached skill level 19 in Stealth
 43055 | Snake:4  | XOM: enchant monster (good)
 43410 | Snake:4  | XOM: summons 2 friendly demons
 43973 | Snake:4  | XOM: vitrification
 44111 | Snake:4  | XOM: enchant monster (good)
 44252 | Snake:4  | XOM: potion effect (haste)
 44258 | Snake:4  | XOM: polymorph greater naga -> catoblepas
 44280 | Snake:4  | XOM: summons 3 friendly demons
 44340 | Snake:4  | XOM: divination: detect creatures
 44417 | Snake:4  | XOM: vitrification
 44760 | Snake:4  | XOM: smoke on damage
 44944 | Snake:4  | XOM: chaos upgrade
 45006 | Snake:4  | XOM: blink monster(s)
 45056 | Snake:4  | XOM: potion effect (haste)
 45068 | Snake:4  | XOM: polymorph naga mage -> trapdoor spider
 45116 | Snake:4  | Reached XP level 18. HP: 104/122 MP: 26/27
 45129 | Snake:4  | Reached skill level 15 in Short Blades
 45159 | Snake:4  | XOM: harmless Trmt miscast
 45224 | Snake:4  | XOM: mild Summ miscast
 45362 | Snake:4  | XOM: enchant monster (bad)
 45381 | Snake:4  | XOM: summons friendly iron imp
 45390 | Snake:4  | XOM: harmless Ice miscast
 45605 | Snake:4  | XOM: fog
 45804 | Snake:4  | XOM: give mutations
 45804 | Snake:4  | Gained mutation: You have a pair of small antennae on your head. [Xom's grace]
 45804 | Snake:4  | Gained mutation: You are partially covered in rugged brown scales (AC +1, +3% HP). [Xom's grace]
 45804 | Snake:4  | Gained mutation: You possess an exceptional clarity of mind. [Xom's grace]
 45829 | Snake:4  | XOM: 1-stop teleportation journey
 45847 | Snake:4  | XOM: polymorph naga mage -> fire drake
 45940 | Snake:4  | XOM: confuse monster(s)
 45957 | Snake:4  | XOM: fog
 45977 | Snake:4  | XOM: fog
 46130 | Snake:4  | XOM: god gift: 9 poisoned arrows
 46277 | Snake:4  | XOM: potion effect (haste)
 46288 | Snake:4  | Got a serpentine rune of Zot
 46810 | D:14     | XOM: fog
 46831 | D:13     | XOM: silly message
 47054 | D:14     | XOM: 1-stop teleportation journey
 47071 | D:14     | XOM: summons 6 friendly demons
 47086 | D:14     | Killed a skeletal warrior
 47216 | D:14     | XOM: blink monster(s)
 47245 | D:14     | Killed Anothat's ghost
 47388 | D:14     | Found a gate to the Vaults.
 47402 | D:14     | XOM: swap monsters
 47403 | D:14     | XOM: confuse monster(s)
 47417 | D:14     | XOM: confuse monster(s)
 47504 | D:14     | XOM: god gift: 2 scrolls of blinking
 47602 | D:14     | XOM: give mutations
 47602 | D:14     | Gained mutation: Your mind is acute. (Int +2) [Xom's grace]
 47602 | D:14     | Gained mutation: You passively map a small area around you. [Xom's grace]
 47720 | D:14     | Identified Net Piuc's Papyrus of Dhcmrlchtdj
 47756 | D:14     | XOM: enchant monster (good)
 47795 | D:14     | Identified Ts'ui Pên's Handbook of Forking Paths
 47803 | D:14     | Learned a level 6 spell: Invisibility
 47810 | D:14     | Identified the Catalogue of Axaxaxas mlö
 47940 | D:15     | Entered Level 15 of the Dungeon
 47987 | D:15     | Found a staircase to the Depths.
 48049 | D:15     | XOM: scenery: create altars
 48271 | D:15     | XOM: harmless Conj miscast
 48337 | D:15     | XOM: divination: detect creatures
 48594 | D:15     | XOM: harmless Chrm miscast
 48633 | Vaults:1 | Entered Level 1 of the Vaults
 48643 | Vaults:1 | XOM: harmless Fire miscast
 48730 | Vaults:1 | XOM: cast spell 'Hydra Form'
 48835 | D:12     | Reached skill level 20 in Stealth
 48924 | Orc:3    | XOM: colour smoke trail
 48964 | Elf:1    | Entered Level 1 of the Elven Halls
 49063 | Elf:1    | XOM: summons 15 friendly demons
 49176 | Elf:1    | XOM: mild Hex miscast
 49251 | Elf:1    | XOM: swap monsters
 49267 | Elf:1    | XOM: confuse monster(s)
 49290 | Elf:1    | XOM: potion effect (brilliance)
 49293 | Elf:1    | XOM: noise
 49324 | Elf:1    | XOM: severe Hex miscast
 49330 | Elf:1    | Got a pair of ancient gloves
 49331 | Elf:1    | Identified the -2 pair of gloves "Bovischu" {-Tele rC+ Regen+} (You found it on level 1 of the Elven Halls)
 49341 | Elf:1    | Gained mutation: Your muscles are strong. (Str +2) [mutagenic glow]
 49379 | Elf:1    | Gained mutation: Armour fits poorly on your strangely shaped body. [mutagenic glow]
 49417 | Elf:1    | Lost mutation: You passively map a small area around you. [mutagenic glow]
 49523 | Elf:1    | XOM: polymorph tarantella -> queen bee
 49776 | Elf:1    | Found Geshre's Armour Boutique.
 49958 | Elf:1    | XOM: mild Conj miscast
 50211 | Elf:1    | XOM: summons 1 hostile demon
 50221 | Elf:1    | XOM: silly message
 50294 | Elf:2    | XOM: enchant monster (good)
 50295 | Elf:2    | XOM: summons friendly crimson imp
 50301 | Elf:2    | XOM: summons friendly white imp
 50393 | Elf:2    | XOM: mild Summ miscast
 50410 | Elf:2    | XOM: potion effect (berserk rage)
 50425 | Elf:2    | XOM: harmless Necr miscast
 50479 | Elf:2    | Found a runed gate.
 50479 | Elf:2    | Found a runed gate.
 50484 | Elf:2    | Found a runed gate.
 50567 | Elf:2    | Reached XP level 19. HP: 102/132 MP: 29/29
 50628 | Elf:2    | Learned a level 2 spell: Blink
 50686 | Elf:2    | XOM: destruction
 50816 | Elf:2    | XOM: enchant monster (good)
 50921 | Elf:2    | XOM: 7-stop teleportation journey
 51016 | Elf:3    | Entered Level 3 of the Elven Halls
 51143 | Elf:3    | Found a magical portal.
 51160 | WizLab   | Entered Lehudib's Moon Base
 51282 | Elf:3    | XOM: fog
 51298 | Elf:3    | Found Kak Jer's Jewellery Boutique.
 51671 | Elf:3    | XOM: give mutations
 51671 | Elf:3    | Gained mutation: You can spit weak poison. [Xom's grace]
 51671 | Elf:3    | Gained mutation: Your spells are a little harder to cast, but a little more powerful. [Xom's grace]
 51886 | Elf:3    | XOM: polymorph deep elf master archer -> storm dragon
 51903 | Elf:3    | XOM: scenery: 1 doors close
 51920 | Elf:2    | XOM: enchant monster (good)
 52048 | Elf:3    | XOM: vitrification
 52055 | Elf:3    | XOM: summons 7 friendly demons
 52083 | Elf:3    | Got a wavering brass ring
 52237 | Elf:3    | XOM: enchant monster (good)
 52249 | Elf:3    | Reached skill level 10 in Shields
 52640 | Elf:3    | XOM: fake destruction
 52645 | Elf:3    | XOM: god gift: ichor-stained longbow {god gift}
 52670 | Elf:3    | Identified the ring "Zaokhef" {rElec EV+3 Stlth+} (You took it off a deep elf mage on level 3 of the Elven Halls)
 52673 | Elf:3    | Got a steaming pewter ring
 52674 | Elf:3    | Identified the ring "Goax" {Ice *Contam rN+ MR+ SInv} (You took it off a deep elf high priest on level 3 of the Elven Halls)
 52679 | Elf:3    | Identified a scroll of acquirement
 52741 | Elf:3    | XOM: swap monsters
 52913 | Elf:3    | Identified Ozocubu's Reference Book on Destructive Snow (You found it on level 3 of the Elven Halls)
 52922 | Elf:3    | Learned a level 5 spell: Silence
 53100 | Orc:3    | XOM: god gift: runed helmet {god gift}
 53336 | Vaults:1 | Found a roughly hewn altar of Beogh.
 53630 | Vaults:1 | XOM: swap monsters
 53656 | Vaults:1 | XOM: 3-stop teleportation journey
 53797 | Vaults:1 | XOM: polymorph yaktaur -> wind drake
 53982 | Vaults:1 | XOM: god gift: box of beasts
 54099 | Vaults:1 | XOM: swap monsters
 54164 | Vaults:1 | XOM: destruction
 54402 | Vaults:1 | XOM: cast spell 'Metabolic Englaciation'
 54449 | Vaults:1 | XOM: cast spell 'Blink'
 54450 | Vaults:1 | XOM: potion effect (heal wounds)
 54624 | Vaults:1 | Gained mutation: You are agile. (Dex +2) [potion of beneficial mutation]
 55156 | Vaults:2 | XOM: noise
 55216 | Vaults:2 | XOM: noise
 55223 | Vaults:2 | XOM: confuse monster(s)
 55230 | Vaults:2 | XOM: noise
 55251 | Vaults:2 | XOM: harmless Summ miscast
 55330 | Vaults:2 | XOM: noise
 55799 | Vaults:2 | Reached XP level 20. HP: 138/138 MP: 32/32
 55972 | Vaults:2 | XOM: cast spell 'Metabolic Englaciation'
 56160 | Vaults:2 | XOM: mild Divn miscast
 56334 | Vaults:2 | Found a staircase to the Crypt.
 56345 | Vaults:2 | XOM: enchant monster (bad)
 56369 | Vaults:2 | XOM: enchant monster (good)
 56756 | Vaults:2 | XOM: enchant monster (good)
 56856 | Vaults:2 | XOM: scenery: 1 doors close
 56864 | Vaults:2 | XOM: silly message
 57043 | Vaults:3 | XOM: cast spell 'Summon Ice Beast'
 57049 | Vaults:3 | Reached skill level 21 in Hexes
 57143 | Vaults:3 | XOM: blink monster(s)
 57161 | Vaults:3 | XOM: summons 8 hostile demons
 57175 | Vaults:3 | XOM: summons 7 hostile demons
 57720 | Vaults:3 | XOM: polymorph purple ugly thing -> entropy weaver
 57724 | Vaults:3 | XOM: summons 4 hostile shadow creatures
 57888 | Vaults:3 | XOM: mild Conj miscast
 58146 | Vaults:3 | XOM: mild Trmt miscast
 58157 | Vaults:3 | XOM: draining
 58397 | Vaults:3 | XOM: stat loss: -1 Dex (31/31)
 58400 | Vaults:3 | XOM: polymorph ettin -> ghost moth
 58580 | Vaults:3 | XOM: noise
 58694 | Vaults:3 | XOM: polymorph ogre mage -> anaconda
 58727 | Vaults:3 | XOM: polymorph vault warden -> sphinx
 58732 | Vaults:3 | XOM: polymorph vault guard -> satyr
 58735 | Vaults:3 | XOM: fog
 58747 | Vaults:3 | XOM: colour smoke trail
 58805 | Vaults:3 | XOM: harmless Divn miscast
 58811 | Vaults:3 | XOM: confuse monster(s)
 59150 | Vaults:4 | XOM: noise
 59162 | Vaults:4 | XOM: harmless Necr miscast
 59286 | Vaults:4 | XOM: enchant monster (bad)
 59350 | Vaults:4 | XOM: 3-stop teleportation journey
 59359 | Vaults:4 | Found Elaub's Assorted Antiques.
 59371 | Vaults:4 | XOM: summons 13 friendly demons
 59667 | Vaults:4 | XOM: harmless Chrm miscast
 59817 | Vaults:4 | XOM: confuse monster(s)
 59984 | Vaults:4 | XOM: fog
 60055 | Vaults:4 | XOM: polymorph yaktaur -> yak
 60166 | Vaults:4 | XOM: confuse monster(s)
 60295 | Vaults:4 | XOM: potion effect (berserk rage)
 60379 | Vaults:4 | XOM: mild Chrm miscast
 60483 | Vaults:4 | XOM: noise
 60485 | Vaults:4 | XOM: blink monster(s)
 60494 | Vaults:4 | XOM: enchant monster (good)
 60552 | Vaults:4 | XOM: god gift: runed rapier {god gift}
 60723 | Vaults:4 | XOM: polymorph griffon -> satyr
 60726 | Vaults:4 | XOM: summons 2 friendly demons
 60733 | Vaults:4 | Reached XP level 21. HP: 143/143 MP: 34/34
 60894 | Vaults:4 | XOM: scenery: 1 doors close
 60904 | Vaults:4 | XOM: god gift: encrusted lead wand {god gift}
 60928 | Vaults:5 | Entered Level 5 of the Vaults
 60963 | Vaults:4 | XOM: give mutations
 60963 | Vaults:4 | Gained mutation: You are very agile. (Dex +4) [Xom's grace]
 60963 | Vaults:4 | Gained mutation: You are surrounded by a mild repulsion field (EV +2). [Xom's grace]
 61236 | Vaults:5 | XOM: fake destruction
 61271 | Vaults:5 | XOM: cast spell 'Excruciating Wounds'
 61278 | Vaults:5 | Reached skill level 22 in Hexes
 61309 | Vaults:5 | XOM: potion effect (curing)
 61564 | Vaults:5 | XOM: summons friendly shadow imp
 61832 | Vaults:5 | Got a silver rune of Zot
 62374 | Vaults:2 | XOM: mild Trmt miscast
 62437 | D:14     | Learned a level 6 spell: Haste
 62476 | Depths:1 | Entered Level 1 of the Depths
 62501 | Depths:1 | XOM: summons friendly quasit
 62503 | Depths:1 | XOM: summons 8 friendly demons
 62507 | Depths:1 | XOM: cast spell 'Metabolic Englaciation'
 62517 | Depths:1 | XOM: harmless Necr miscast
 62537 | Depths:1 | XOM: polymorph iron imp -> shadow imp
 62542 | Depths:1 | XOM: potion effect (invisibility)
 62703 | Depths:1 | Found a one-way gate leading to the halls of Pandemonium.
 62868 | Depths:2 | Noticed a juggernaut
 62874 | Depths:2 | Killed a juggernaut
 62891 | Depths:1 | Reached skill level 10 in Spellcasting
 62924 | Depths:2 | XOM: scenery: 3 doors open, 1 doors close
 62967 | Depths:2 | XOM: potion effect (agility)
 63004 | Depths:2 | XOM: divination: detect creatures
 63407 | Depths:2 | XOM: confuse monster(s)
 63504 | Depths:3 | XOM: noise
 63508 | Depths:3 | XOM: polymorph wolf -> killer bee
 63547 | Depths:3 | XOM: summons 2 friendly demons
 63548 | Depths:3 | XOM: divination: magic mapping
 63567 | Depths:3 | XOM: potion effect (might)
 63707 | Depths:3 | XOM: harmless Summ miscast
 63748 | Depths:4 | XOM: divination: magic mapping
 63775 | Depths:5 | Entered Level 5 of the Depths
 63799 | Depths:5 | XOM: enchant monster (good)
 63800 | Depths:5 | Reached skill level 23 in Hexes
 63854 | Depths:5 | Found a gateway to Hell.
 63857 | Depths:5 | XOM: summons 2 hostile demons
 63900 | Depths:5 | XOM: swap monsters
 63903 | Depths:5 | XOM: summons friendly iron imp
 64095 | Depths:5 | Reached XP level 22. HP: 149/149 MP: 36/36
 64313 | Depths:5 | XOM: enchant monster (bad)
 64342 | Depths:5 | XOM: noise
 64379 | Depths:5 | XOM: noise
 64507 | Depths:5 | Found a gate to the Realm of Zot.
 64513 | Zot:1    | Entered Level 1 of the Realm of Zot
 64568 | Zot:1    | XOM: divination: magic mapping
 64853 | Zot:4    | XOM: enchant monster (bad)
 64883 | Zot:4    | XOM: summons friendly iron imp
 64890 | Zot:4    | XOM: summons 2 friendly demons
 64908 | Zot:4    | XOM: summons 9 friendly demons
 64915 | Zot:4    | XOM: divination: detect creatures
 65052 | Zot:4    | XOM: cast spell 'Stoneskin'
 65083 | Zot:4    | XOM: polymorph red draconian scorcher -> fire giant
 65098 | Zot:4    | XOM: mild Trmt miscast
 65394 | Zot:4    | XOM: enchant monster (good)
 65486 | Zot:3    | XOM: severe Hex miscast
 65628 | Zot:4    | XOM: 1-stop teleportation journey
 65631 | Zot:5    | Entered Level 5 of the Realm of Zot
 65855 | Zot:5    | XOM: mild Fire miscast
 65953 | Zot:5    | Reached skill level 24 in Hexes
 65966 | Zot:5    | XOM: enchant monster (bad)
 65970 | Zot:5    | XOM: summons 3 friendly demons
 65975 | Zot:5    | XOM: harmless Trmt miscast
 66008 | Zot:5    | XOM: 1-stop teleportation journey
 66009 | Zot:5    | Noticed an ancient lich
 66010 | Zot:5    | Killed an ancient lich
 66102 | Zot:5    | XOM: swap monsters
 66103 | Zot:5    | Noticed an orb of fire
 66141 | Zot:5    | Noticed an ancient lich
 66141 | Zot:5    | Noticed an ancient lich
 66141 | Zot:5    | Noticed an orb of fire
 66148 | Zot:5    | Got the Orb of Zot
 66149 | Zot:5    | Noticed an ancient lich
 66151 | Zot:5    | XOM: confuse monster(s)
 66152 | Zot:5    | XOM: cast spell 'Stoneskin'
 66176 | Zot:5    | Gained mutation: You expend magic power (3 MP) to strengthen your wands. [an orb of fire]
 66177 | Zot:5    | XOM: cast spell 'Dispersal'
 66187 | Zot:5    | XOM: potion effect (heal wounds)
 66197 | Zot:5    | Slain by an Orb Guardian

Action                   |  1- 3 |  4- 6 |  7- 9 | 10-12 | 13-15 | 16-18 | 19-21 | 22-24 || total
-------------------------+-------+-------+-------+-------+-------+-------+-------+-------++-------
Melee: Short sword       |   111 |   123 |    64 |       |       |       |       |       ||   298
       Dagger            |       |       |   282 |  1068 |  2273 |   205 |   208 |       ||  4036
       Spear             |       |       |       |    41 |       |       |       |       ||    41
       Long sword        |       |       |       |       |    60 |       |       |       ||    60
       Rapier            |       |       |       |       |   278 |  1515 |  1629 |   391 ||  3813
       Scimitar          |       |       |       |       |     1 |       |       |       ||     1
       Unarmed           |       |       |       |       |       |    12 |       |       ||    12
 Cast: Swiftness         |       |       |       |     3 |     4 |     2 |     1 |       ||    10
       Repel Missiles    |       |       |       |     1 |       |     9 |     2 |     1 ||    13
       Ozocubu's Armour  |       |       |       |       |    10 |    18 |     5 |     1 ||    34
       Confuse           |       |       |       |       |     3 |   100 |     3 |       ||   106
       Regeneration      |       |       |       |       |     3 |    32 |     2 |     5 ||    42
       Ensorcelled Hiber |       |       |       |       |       |    35 |       |       ||    35
       Discord           |       |       |       |       |       |     1 |    17 |     5 ||    23
       Silence           |       |       |       |       |       |       |     6 |     4 ||    10
 Abil: Evoke Invisibilit |       |       |       |     8 |    48 |    15 |    24 |     1 ||    96
       Spit Poison       |       |       |       |       |       |       |     1 |       ||     1
Evoke: Rod               |       |     4 |    14 |    33 |    31 |    17 |     4 |       ||   103
       Wand              |       |       |       |       |     2 |     2 |    13 |    13 ||    30
  Use: Potion            |       |       |     6 |     6 |    12 |     9 |    10 |    14 ||    57
       Scroll            |       |       |       |    25 |    24 |    15 |    15 |    11 ||    90
 Stab: Distracted        |     1 |       |     5 |    13 |    19 |    27 |    21 |     6 ||    92
       Sleeping          |     3 |    12 |    14 |    52 |    81 |    64 |    77 |    18 ||   321
       Paralysed         |       |     1 |     3 |       |     3 |     2 |     2 |     1 ||    12
       Petrified         |       |     1 |     1 |     1 |       |       |       |       ||     3
       Petrifying        |       |     1 |       |       |       |       |     2 |       ||     3
       Confused          |       |       |     2 |     3 |    10 |    50 |    12 |     1 ||    78
       Invisible         |       |       |       |    41 |   184 |    30 |   113 |     3 ||   371
  Eat: Corpse            |    10 |     8 |    19 |    55 |   122 |   112 |    84 |    10 ||   420
